 Dungeon Crawl Stone Soup version 0.21.1-1-g345015fe64 (webtiles) character file.

25620 Lentor the Cruncher (level 12, 0/169 HPs)
             Began as a Minotaur Berserker on June 22, 2018.
             Was a High Priest of Trog.
             Slain by a hell knight
             ... wielding a +1 great mace of flaming
              (2 damage)
             ... on level 14 of the Dungeon.
             The game lasted 00:32:47 (14949 turns).

Lentor the Cruncher (Minotaur Berserker)           Turns: 14949, Time: 00:32:49

Health: 0/169      AC: 22    Str: 30    XL:     12   Next: 91%
Magic:  12/12      EV:  9    Int:  4    God:    Trog [*****.]
Gold:   564        SH:  0    Dex: 12    Spells: 11/11 levels left

rFire    + . .     SeeInvis .   F - +10 glaive "Miqar" {flame, rN+ Stlth+}
rCold    + . .     Gourm    .   (shield currently unavailable)
rNeg     + . .     Faith    .   K - +3 plate armour {rPois}
rPois    +         Spirit   .   (helmet restricted)
rElec    .         Reflect  .   l - +1 cloak
rCorr    .         Harm     .   n - +2 pair of gloves
MR       .....                  j - +0 pair of boots
Stlth    ..........             (no amulet)
HPRegen  0.38/turn              y - ring of protection from fire
MPRegen  0.13/turn              I - ring of poison resistance

@: berserking, lethally poisoned (0 -> -2), corroded, very quick
A: retaliatory headbutt, claws 1, horns 2, cold resistance 1, high mp 1, sense
surroundings 1
a: Berserk, Trog's Hand, Brothers in Arms, Burn Spellbooks, Renounce Religion


You were on level 14 of the Dungeon.
You worshipped Trog.
Trog was extremely pleased with you.
You were hungry.

You visited 2 branches of the dungeon, and saw 16 of its levels.
You also visited: Sewer.

You collected 762 gold pieces.
You spent 198 gold pieces at shops.

Inventory:

Hand Weapons
 m - a +9 quarterstaff of chaos
 F - the +10 glaive "Miqar" (weapon) {flame, rN+ Stlth+}
   (You found it on level 7 of the Dungeon)

   It has been specially enchanted to burn those struck by it, causing extra
   injury to most foes and up to half again as much damage against particularly
   susceptible opponents.
   Big, fiery blades are also staple armaments of hydra-hunters.
   It protects you from negative energy.
   It makes you more stealthy.
Armour
 j - a +0 pair of boots (worn)
 l - a +1 cloak (worn)
 n - a +2 pair of gloves (worn)
 K - a +3 plate armour of poison resistance (worn)
Jewellery
 q - an uncursed ring of protection from cold
 y - a ring of protection from fire (left hand)
 I - a ring of poison resistance (right hand)
Wands
 d - a wand of polymorph (8)
 x - a wand of disintegration (39)
 H - a wand of random effects (29)
 J - a wand of digging (18)
Scrolls
 b - a scroll of fog
 e - 6 scrolls of teleportation
 h - 2 scrolls of blinking
 k - a scroll of enchant armour
 p - a scroll of immolation
 t - 2 scrolls of remove curse
 w - a scroll of magic mapping
 A - 4 scrolls of identify
Potions
 a - a potion of invisibility {unknown}
 f - 5 potions of might
 g - 4 potions of heal wounds
 i - 4 potions of degeneration {unknown}
 o - 3 potions of agility
 r - 3 potions of magic {unknown}
 s - a potion of flight {unknown}
 u - a potion of ambrosia {unknown}
 z - a potion of haste
 B - a potion of resistance {unknown}
 C - a potion of lignification {unknown}
 D - a potion of brilliance {unknown}
 E - 8 potions of curing {unknown}
 G - 2 potions of cancellation {unknown}
Miscellaneous
 v - a box of beasts
Comestibles
 c - 20 rations


   Skills:
 + Level 12.9 Fighting
 + Level 12.3(15.0) Polearms
 - Level 14.4(16.0) Staves
 + Level 12.4 Armour
 - Level 2.7 Dodging
   Level 0.2 Shields


You had 11 spell levels left.
You didn't know any spells.

Dungeon Overview and Level Annotations

Branches:
Dungeon (15/15)            Temple (1/1) D:4            Lair (0/6) D:10
    Orc (0/2) D:9          Vaults (0/5) D:14
 Depths: D:15

Altars:
Ashenzari
Cheibriados
Dithmenos
Elyvilon
Fedhas
Gozag
Hepliaklqana
Kikubaaqudgha
Makhleb
Nemelex Xobeh
Okawaru
Qazlal
Ru
Sif Muna
Trog
Uskayaw
Vehumet
Wu Jian
Xom
Yredelemnul
Zin
The Shining One

Shops:
D:4 [   D:11 :

Annotations:
D:15 Urug


Innate Abilities, Weirdness & Mutations

You reflexively headbutt those who attack you in melee.
You have a pair of horns on your head.
You have sharp fingernails.
Your flesh is cold resistant. (rC+)
You have an increased reservoir of magic. (+10% MP)
You passively map a small area around you.


Message History

The hell knight hits you but does no damage.
Something hits you.
* * * LOW HITPOINT WARNING * * *
You climb upwards.
You feel sick.
There is a stone staircase leading down here.
Unknown command.
A red film seems to cover your vision as you go berserk!
You feel yourself moving faster!
You feel mighty!
You are feeling hungry.
The hell knight hits you with a great mace of flaming.
* * * LOW HITPOINT WARNING * * *
The hell knight burns you.
* * * LOW HITPOINT WARNING * * *
You slash the hell knight!
The hell knight is moderately wounded.
You feel sick.
The hell knight hits you with a great mace of flaming!
* * * LOW HITPOINT WARNING * * *
The hell knight burns you.
You die...

########### ##### #.........#
#...#######p@.......#
#...................#########
#............................
#..............##########....
#......#####...# #....
####......#.).'...# #....
#.........#...#...# #....
#.........#...#...# #....
#.........#...#...# #....


You could see a hell knight.

Vanquished Creatures
  The ghost of Evaline the Archer, a journeyman CeHu of Okawaru (D:13)
  2 centaur warriors (D:14)
  The ghost of aaaaaaaaaaaaaaaaaa the Grappler, a novice TrMo of Nemelex Xobeh (D:8)
  2 dancing weapons (D:14)
  4 two-headed ogres
  Pikel (D:5)
  The ghost of hofbold the Skirmisher, a novice MiGl (D:7)
  A flayed ghost (D:12)
  5 ugly things
  4 cyclopes
  2 centaur skeletons
  A tengu conjurer (D:10)
  4 trolls
  A meliai (shapeshifter) (D:5)
  4 slime creatures (D:12)
  2 hippogriffs
  Sigmund (D:4)
  2 shadows (D:12)
  4 wraiths (D:12)
  9 yaks (D:10)
  A basilisk (D:14)
  2 vampires
  2 hungry ghosts
  2 wargs (D:10)
  A soldier ant (D:12)
  An acid dragon (shapeshifter) (D:10)
  A water moccasin (D:9)
  Duvessa (D:4)
  An orc warrior (D:12)
  2 ice beasts
  A hornet zombie (D:14)
  6 phantoms
  A black bear (D:9)
  6 sky beasts
  7 ogres
  10 centaurs
  A big kobold (D:12)
  16 bullfrogs
  A gnoll sergeant (D:11)
  2 wyvern zombies
  A water moccasin zombie (D:8)
  Dowan (D:4)
  7 scorpions
  4 wights (D:13)
  9 killer bees
  2 centaur zombies
  7 crimson imps
  11 hounds
  6 jellies
  A bullfrog zombie (D:6)
  5 orc priests
  Crazy Yiuf (D:4)
  Ijyb (D:5)
  3 bullfrog skeletons
  An iron imp (D:8)
  2 iguanas
  9 orc wizards
  8 worker ants
  2 killer bee zombies
  A howler monkey skeleton (D:10)
  25 adders
  4 gnolls (D:11)
  A river rat (D:5)
  3 shadow imps
  17 oozes
  An adder skeleton (D:4)
  A worm (shapeshifter) (D:9)
  A worm (D:5)
  A dart slug (shapeshifter) (D:11)
  17 leopard geckos
  53 orcs
  23 bats
  15 giant cockroaches
  5 goblins
  9 hobgoblins
  8 jackals
  3 quokkas
  14 ball pythons
  15 frilled lizards
  2 jackal zombies
  9 kobolds
  A leopard gecko zombie (D:6)
  13 rats
440 creatures vanquished.

Vanquished Creatures (collateral kills)
  A kobold demonologist (D:15)
1 creature vanquished.

Vanquished Creatures (others)
  2 slaves (D:5)
  A hound (D:5)
  An orc wizard (D:5)
  A worker ant (D:5)
  7 orcs (D:5)
12 creatures vanquished.

Grand Total: 453 creatures vanquished

Notes
Turn   | Place    | Note
-------+----------+-------------------------------------------
     0 | D:1      | Lentor the Minotaur Berserker began the quest for the Orb.
     0 | D:1      | Reached XP level 1. HP: 19/19 MP: 0/0
    51 | D:1      | Reached XP level 2. HP: 27/27 MP: 1/1
   233 | D:1      | Reached ** piety under Trog
   388 | D:1      | Reached XP level 3. HP: 33/33 MP: 2/2
  1018 | D:2      | Reached XP level 4. HP: 41/41 MP: 3/3
  1740 | D:3      | Reached skill level 5 in Polearms
  1882 | D:3      | Found a faded altar of an unknown god.
  2213 | D:4      | Reached skill level 5 in Fighting
  2213 | D:4      | Reached XP level 5. HP: 47/48 MP: 4/4
  2258 | D:4      | Found a white marble altar of Elyvilon.
  2277 | D:4      | Noticed a phantom
  2285 | D:4      | Killed a phantom
  2285 | D:4      | Reached XP level 6. HP: 38/56 MP: 5/5
  2463 | D:4      | Noticed Duvessa
  2464 | D:4      | Noticed Dowan
  2468 | D:4      | Killed Duvessa
  2478 | D:4      | Killed Dowan
  2615 | D:4      | Found a staircase to the Ecumenical Temple.
  2621 | D:4      | Noticed Sigmund
  2638 | D:4      | Killed Sigmund
  2638 | D:4      | Reached XP level 7. HP: 41/63 MP: 6/6
  2852 | D:4      | Found Tinoamyt's Armour Shoppe.
  2880 | D:4      | Bought a +2 pair of gloves for 198 gold pieces
  2891 | Temple   | Entered the Ecumenical Temple
  3123 | D:4      | Found a basalt altar of Yredelemnul.
  3561 | D:4      | Found a runed door.
  3565 | D:4      | Noticed Crazy Yiuf
  3570 | D:4      | Killed Crazy Yiuf
  3625 | D:5      | Entered Level 5 of the Dungeon
  3625 | D:5      | Noticed Pikel
  3632 | D:5      | Killed Pikel
  3632 | D:5      | Reached skill level 2 in Staves
  3632 | D:5      | Reached skill level 5 in Armour
  3632 | D:5      | Reached XP level 8. HP: 58/74 MP: 7/7
  3637 | D:5      | Reached *** piety under Trog
  3673 | D:5      | Found a glowing drain.
  3692 | Sewer    | Entered a sewer
  3878 | Sewer    | Reached skill level 3 in Staves
  3894 | Sewer    | Reached **** piety under Trog
  3979 | Sewer    | Reached skill level 4 in Staves
  4129 | D:5      | Noticed Ijyb
  4138 | D:5      | Killed Ijyb
  4472 | D:5      | Reached skill level 5 in Staves
  5056 | D:5      | Reached XP level 9. HP: 76/82 MP: 8/8
  5114 | D:5      | Noticed a meliai
  5114 | D:5      | a hornet changed into a meliai
  5116 | D:5      | Killed a meliai
  5116 | D:5      | Reached skill level 6 in Staves
  5556 | D:6      | Reached ***** piety under Trog
  5565 | D:6      | Reached skill level 7 in Staves
  5687 | D:6      | Found a glowing silver altar of Zin.
  5749 | D:6      | Reached skill level 8 in Staves
  5752 | D:6      | Received a gift from Trog
  6176 | D:7      | Reached skill level 9 in Staves
  6288 | D:7      | Found a blossoming altar of Fedhas.
  6323 | D:7      | Noticed hofbold's ghost (novice MiGl)
  6339 | D:7      | Killed hofbold's ghost
  6339 | D:7      | Reached skill level 10 in Staves
  6339 | D:7      | Reached XP level 10. HP: 91/91 MP: 9/9
  6955 | D:8      | Noticed a cyclops
  6962 | D:8      | Killed a cyclops
  7174 | D:8      | Noticed a two-headed ogre
  7176 | D:8      | Noticed aaaaaaaaaaaaaaaaaa's ghost (novice TrMo)
  7178 | D:8      | Killed a two-headed ogre
  7178 | D:8      | Reached skill level 11 in Staves
  7190 | D:8      | Killed aaaaaaaaaaaaaaaaaa's ghost
  7489 | D:8      | Reached skill level 10 in Fighting
  7833 | D:9      | Noticed a two-headed ogre
  7843 | D:9      | Killed a two-headed ogre
  7843 | D:9      | Reached skill level 12 in Staves
  8401 | D:9      | Found a staircase to the Orcish Mines.
  8452 | D:9      | Got a heavily runed leather armour
  8463 | D:9      | Identified the cursed +0 leather armour "Ruothretomp" {rF+ MR+ Dex-3} (You found it on level 9 of the Dungeon)
  8496 | D:9      | Gained mutation: You tend to lose your temper in combat. [potion of mutation]
  8496 | D:9      | Gained mutation: Your spells are a little harder to cast, but a little more powerful. [potion of mutation]
  8497 | D:9      | Lost mutation: You tend to lose your temper in combat. [potion of mutation]
  8497 | D:9      | Lost mutation: Your spells are a little harder to cast, but a little more powerful. [potion of mutation]
  8497 | D:9      | Gained mutation: Scrolls take you a little longer to read. [potion of mutation]
  8497 | D:9      | Gained mutation: Scrolls take you longer to read. [potion of mutation]
  8497 | D:9      | Gained mutation: You evolve. [potion of mutation]
  8498 | D:9      | Lost mutation: You evolve. [potion of mutation]
  8498 | D:9      | Lost mutation: Scrolls take you longer to read. [potion of mutation]
  8498 | D:9      | Lost mutation: Scrolls take you a little longer to read. [potion of mutation]
  8498 | D:9      | Gained mutation: Your flesh is cold resistant. (rC+) [potion of mutation]
  8498 | D:9      | Gained mutation: You have an increased reservoir of magic. (+10% MP) [potion of mutation]
  8498 | D:9      | Gained mutation: You passively map a small area around you. [potion of mutation]
  8498 | D:9      | Gained mutation: You have sharp fingernails. [potion of mutation]
  8508 | D:9      | Reached XP level 11. HP: 101/101 MP: 11/11
  8577 | D:9      | Reached skill level 10 in Armour
  8684 | D:9      | Found an opulent altar of Gozag.
  8892 | D:10     | Entered Level 10 of the Dungeon
  9054 | D:10     | Received a gift from Trog
  9443 | D:10     | Found a staircase to the Lair.
  9451 | D:10     | Reached skill level 13 in Staves
 10285 | D:11     | Found a shadowy altar of Dithmenos.
 10484 | D:11     | Found Liofuzes's Book Boutique.
 10489 | D:11     | HP: 2/102 [something (14)]
 10490 | D:11     | Reached skill level 14 in Staves
 11356 | D:7      | Got a warped glaive
 11357 | D:7      | Identified the +10 glaive "Miqar" {flame, rN+ Stlth+} (You found it on level 7 of the Dungeon)
 11477 | D:12     | Noticed a two-headed ogre
 11481 | D:12     | Killed a two-headed ogre
 11481 | D:12     | Received a gift from Trog
 11663 | D:12     | Reached XP level 12. HP: 93/112 MP: 12/12
 11824 | D:12     | Noticed a two-headed ogre
 11825 | D:12     | Found a burning altar of Makhleb.
 11828 | D:12     | Killed a two-headed ogre
 11872 | D:12     | Found an iron altar of Okawaru.
 11955 | D:12     | Found a runed door.
 11960 | D:12     | Found a shimmering altar of Xom.
 11981 | D:12     | Found a bloodstained altar of Trog.
 12012 | D:12     | Found a sparkling altar of Nemelex Xobeh.
 12016 | D:12     | Found a shimmering altar of Xom.
 12173 | D:13     | Reached skill level 10 in Polearms
 12568 | D:13     | Noticed Evaline's ghost (journeyman CeHu)
 12577 | D:13     | Killed Evaline's ghost
 12859 | D:13     | Received a gift from Trog
 12931 | D:13     | Got a bone quarterstaff {god gift}
 12932 | D:13     | Identified the +4 quarterstaff of Umnehuod {protect, rC+ Int+3} (Trog gifted it to you on level 13 of the Dungeon)
 13811 | D:14     | Noticed a centaur warrior
 13826 | D:14     | Killed a centaur warrior
 13984 | D:14     | Noticed a centaur warrior
 13992 | D:14     | Killed a centaur warrior
 14308 | D:14     | Found a gate to the Vaults.
 14546 | D:14     | Found a white marble altar of Elyvilon.
 14862 | D:15     | Entered Level 15 of the Dungeon
 14862 | D:15     | Noticed a tengu warrior
 14862 | D:15     | Noticed Urug
 14862 | D:15     | Noticed an ogre mage
 14862 | D:15     | Noticed a two-headed ogre
 14862 | D:15     | Noticed a two-headed ogre
 14929 | D:15     | Noticed an ogre mage
 14935 | D:15     | Noticed a yaktaur captain
 14949 | D:14     | HP: 2/169 [hell knight/great mace of flaming (16)]
 14949 | D:14     | Slain by a hell knight

Skill      XL: |  1  2  3  4  5  6  7  8  9 10 11 12 |
---------------+-------------------------------------+-----
Polearms       | 4 5 6 8 12 | 12.3
Fighting       | 4 5 6 7 8 9 10 11 12 | 12.9
Armour         | 3 5 6 8 9 11 12 | 12.4
Staves         | 2 5 10 12 14 | 14.4
Dodging        | |  2.7
Shields        | |  0.2

Action                   |  1- 3 |  4- 6 |  7- 9 | 10-12 || total
-------------------------+-------+-------+-------+-------++-------
Melee: Spear             |    71 |       |       |       ||    71
       Headbutt          |     4 |    10 |    35 |    95 ||   144
       Trident           |    23 |    83 |       |       ||   106
       Scythe            |       |       |    20 |       ||    20
       Quarterstaff      |       |       |   277 |   359 ||   636
       Glaive            |       |       |       |   204 ||   204
Invok: Berserk           |       |     2 |     2 |     7 ||    11
       Burn Spellbooks   |       |       |       |     2 ||     2
Evoke: Box of beasts     |       |       |       |     1 ||     1
  Use: Scroll            |       |       |       |    21 ||    21
       Potion            |       |       |       |     3 ||     3
 Stab: Sleeping          |       |     1 |       |       ||     1
       Petrifying        |       |       |     1 |     2 ||     3
       Paralysed         |       |       |     1 |     2 ||     3
  Eat: Chunk             |       |     4 |    11 |    15 ||    30
       Ration            |       |     1 |     1 |     6 ||     8
Armor: Animal skin       |     7 |       |       |       ||     7
       Leather armour    |     2 |     8 |     7 |       ||    17
       Chain mail        |       |       |   175 |   176 ||   351
       Plate armour      |       |       |       |    64 ||    64
Dodge: Dodged            |    32 |    36 |   173 |   183 ||   424
Block: Buckler           |       |     2 |       |       ||     2
